 Dungeon Crawl Stone Soup version 0.30-a0-859-gf88a04b62d (webtiles) character file.

Game seed: 16863753794415088763

734 Mickster the Poker (level 7, 0/44 HPs)
             Began as a Gargoyle Chaos Knight on Mar 7, 2023.
             Was a Plaything of Xom.
             Killed from afar by an electric eel (2 damage)
             ... with a bolt of electricity
             ... on level 6 of the Dungeon.
             The game lasted 00:58:44 (4213 turns).

Mickster the Poker (Gargoyle Chaos Knight)          Turns: 4213, Time: 00:58:51

Health: 0/44       AC: 11    Str: 17    XL:     7   Next: 74%
Magic:  7/7        EV:  7    Int: 16    God:    Xom [......]
Gold:   262        SH:  0    Dex:  8    Spells: 6/6 levels left

rFire   . . .      SeeInvis +    w - +2 war axe (flame)
rCold   . . .      Faith    .    (no shield)
rNeg    + . .      Spirit   .    d - +0 chain mail
rPois   ∞          Reflect  .    n - +2 hat
rElec   +          Rampage  .    (no cloak)
rCorr   +                        o - +0 pair of gloves
Will    .....                    (no boots) Stlth
                                 (no amulet)
HPRegen 0.00/turn                k - ring of resist corrosion
MPRegen 0.10/turn                y - +4 ring of protection

@: corroded, inhibited regen, very slow
A: sickness immunity, AC +4, negative energy resistance 1, electricity
resistance, torment resistance 1, petrification resistance, iridescent scales 1,
see invisible, clever 1, sense surroundings 1, inhibited regeneration
a: Renounce Religion


You were on level 6 of the Dungeon.
You worshipped Xom.
You were a very special plaything of Xom.
You visited 1 branch of the dungeon, and saw 6 of its levels.

You collected 262 gold pieces.

Inventory:

Hand Weapons
 a - a +2 battleaxe
 l - a +0 sling
 p - the +3 spear of Cuikull {elec, rCorr Str+2 Int-2}
   (You found it on level 2 of the Dungeon)

   Str:       It affects your strength (+2).
   Int:       It affects your intelligence (-2).
   rCorr:     It protects you from acid and corrosion.
 v - a +2 club of chaos
 w - a +2 war axe of flaming (weapon)
 z - a +3 spear
 A - a +5 great sword
 B - a +1 mace of chaos
Missiles
 e - 38 stones
 s - 2 javelins (quivered)
 t - a throwing net
 C - 3 poisoned darts
Armour
 b - a +2 leather armour
 d - a +0 chain mail (worn)
 n - a +2 hat (worn)
 o - a +0 pair of gloves (worn)
Magical Staves
 f - a staff of fire
 j - a staff of poison
Jewellery
 k - a ring of resist corrosion (left hand)
 u - a ring of magical power
 y - a +4 ring of protection (right hand)
Wands
 q - a wand of digging (3)
 r - a wand of roots (13)
Scrolls
 g - 4 scrolls of teleportation
 i - 5 scrolls of identify
Potions
 h - a potion of heal wounds
 x - a potion of curing
Miscellaneous
 c - a piece from Xom's chessboard (15/15)


   Skills:
 + Level 4.4 Fighting
 + Level 0.5 Long Blades
 + Level 0.3(3.9) Axes
 - Level 3.9(4.0) Maces & Flails
 * Level 4.9(5.0) Polearms
 + Level 4.8 Armour
 + Level 1.6 Dodging
 + Level 0.4 Stealth
 + Level 0.1 Evocations


You had 6 spell levels left.
You didn't know any spells.
Your spell library contained the following spells:

 Spells                   Type           Power      Damage    Failure   Level
 Apportation              Tloc           0%         N/A       98%         1
 Necrotise                Necr           0%         1d4       98%         1
 Summon Small Mammal      Summ           0%         N/A       98%         1
 Ensorcelled Hibernation  Hex/Ice        0%         N/A       99%         2
 Passwall                 Tmut/Erth      0%         N/A       99%         2
 Gell's Gravitas          Tloc           0%         N/A       100%        3
 Summon Guardian Golem    Hex/Summ       0%         N/A       100%        3
 Swiftness                Air            0%         N/A       100%        3
 Teleport Other           Tloc           0%         N/A       100%        3
 Petrify                  Tmut/Erth      0%         N/A       100%        4
 Irradiate                Conj/Tmut      0%         3d11      100%        5
 Dispersal                Tloc           0%         N/A       100%        6
 Orb of Destruction       Conj           0%         9d5       100%        7
 Spellforged Servitor     Conj/Summ      0%         N/A       100%        7
 Sublimation of Blood     Necr           Unusable   N/A       N/A         2

Dungeon Overview and Level Annotations

Branches:
Dungeon (6/15)             Temple (0/1) D:4

Altars:
Ashenzari
Wu Jian


Innate Abilities, Weirdness & Mutations

You are immune to sickness and miasma.
Your stone body is resilient. (AC +4)
You are immune to poison.
You resist negative energy. (rN+)
You are resistant to electric shocks. (rElec)
You are resistant to unholy torment.
You are immune to petrification.
You are partially covered in iridescent scales. (AC +2)
You have supernaturally acute eyesight. (SInv)
Your mind is acute. (Int +4, Str/Dex -1)
You passively map a small area around you.
You do not regenerate when monsters are visible.


Message History

Unknown command.
Your unstable footing causes you to fumble your attack.
A nearby plant withers and dies.
The ufetubus barely misses you. x2
The adder bites you. The rust devil hits you.
The orange demon stings you from afar.
The electric eel shoots out a bolt of lightning at you!
The bolt of electricity hits the ufetubus.
The bolt of electricity hits you. You resist.
The ufetubus shouts!
The adder barely misses you.
The black bear splashes around in the water.
The black bear claws you but does no damage. x2
The iron imp hits you.
You closely miss the ufetubus.
The ufetubus is heavily wounded.
You barely miss the iron imp. You closely miss the rust devil.
You miss the adder.
You hit the black bear but do no damage.
The ufetubus hits you but does no damage. x2
The rust devil hits you. The rust devil corrodes you!
The orange demon stings you from afar. The adder bites you.
* * * LOW HITPOINT WARNING * * *
The electric eel shoots out a bolt of lightning at you!
The bolt of electricity hits the ufetubus!
The ufetubus dies!
The ufetubus disappears in a puff of smoke!
The bolt of electricity hits you. You resist.
* * * LOW HITPOINT WARNING * * *
The black bear barely misses you. The black bear closely misses you.
The black bear barely misses you. The rust devil hits you.
* * * LOW HITPOINT WARNING * * *
The rust devil corrodes you!
The iron imp laughs crazily.
The iron imp splashes around in the water.
The orange demon stings you from afar.
* * * LOW HITPOINT WARNING * * *
The electric eel shoots out a bolt of lightning at you!
The bolt of electricity hits you. You resist.
You die...
Xom roars with laughter!

* * ### , ..#
#.# , ..# , #<#
*♣~♣~♣*
#.##♣♣♣♣♣~♣♣~♣♣
#.~~♣P♣~~~~P~~~*
~
#~~†~~~h~~≈~~≈≈
#P♣~P♣h54≈≈≈≈≈≈
~
♣♣P~~4~@§≈≈≈≈≈S
♣P~~~~~≈S≈≈≈≈≈≈
♣~~~~~~~≈≈≈≈≈≈≈
♣P~P~♣~~≈≈≈≈≈≈≈
#~~♣~~~~~~≈≈≈≈≈≈
##♣~~~~♣P~~~≈≈≈≈
~ ~
#♣♣♣~P♣~f♣≈~~≈
♣♣~♣~~~~P~P
♣~♣♣~~


You could see an orange demon (summoned), a rust devil (summoned), a black bear,
a sleepcap, a hound, an electric eel, an iron imp (summoned) and an adder.

Vanquished Creatures
  Menkaure (D:5)
  An ice beast (D:6)
  4 wights (D:5)
  An electric eel (D:6)
  An orc priest (D:3)
  A gnoll bouda (D:4)
  2 iguanas (D:5)
  3 gnolls (D:4)
  5 adders
  2 worms
  7 orcs
  A bat (D:1)
  2 endoplasms
  3 giant cockroaches
  4 goblins
  6 hobgoblins
  4 jackals
  3 kobolds
  2 quokkas
  8 ball pythons
  25 rats
86 creatures vanquished.

Vanquished Creatures (others)
  5 plants (D:6)
5 creatures vanquished.

Grand Total: 91 creatures vanquished

Notes
Turn   | Place    | Note
-------+----------+-------------------------------------------
     0 | D:1      | Mickster the Gargoyle Chaos Knight began the quest for the
                  | Orb.
     0 | D:1      | Reached XP level 1. HP: 14/14 MP: 1/1
    15 | D:1      | Found a faded altar of an unknown god.
   274 | D:1      | XOM: silly message
   339 | D:1      | Reached XP level 2. HP: 19/19 MP: 2/2
   420 | D:1      | XOM: divination: magic mapping
   601 | D:2      | XOM: enchant monster (good)
   628 | D:2      | XOM: god gift: staff of poison
   665 | D:2      | Reached XP level 3. HP: 23/23 MP: 3/3
   704 | D:2      | XOM: god gift: 48 gold pieces
  1151 | D:2      | Identified the +3 spear of Cuikull {elec, rCorr Str+2
                  | Int-2}
  1639 | D:3      | Reached XP level 4. HP: 28/28 MP: 4/4
  1847 | D:3      | Found a broken altar of Ashenzari.
  1947 | D:3      | XOM: god gift: 3 stones
  1980 | D:3      | Reached skill level 1 in Polearms
  2265 | D:3      | Gained mutation: Your mind is acute. (Int +4, Str/Dex -1)
                  | [potion of mutation]
  2265 | D:3      | Gained mutation: You passively map a small area around you.
                  | [potion of mutation]
  2265 | D:3      | Gained mutation: You do not regenerate when monsters are
                  | visible. [potion of mutation]
  2265 | D:3      | Gained mutation: You are partially covered in iridescent
                  | scales. (AC +2) [potion of mutation]
  2489 | D:4      | Reached XP level 5. HP: 8/33 MP: 5/5
  2771 | D:4      | Reached skill level 1 in Dodging
  2912 | D:4      | Found a staircase to the Ecumenical Temple.
  2925 | D:4      | XOM: divination: magic mapping
  3026 | D:4      | XOM: cloud trail
  3076 | D:4      | XOM: scenery: summon butterflies
  3320 | D:4      | XOM: give mutation
  3320 | D:4      | Gained mutation: You have supernaturally acute eyesight.
                  | (SInv) [Xom's grace]
  3479 | D:5      | Entered Level 5 of the Dungeon
  3499 | D:5      | XOM: chaos upgrade
  3501 | D:5      | Reached XP level 6. HP: 29/38 MP: 6/6
  3504 | D:5      | XOM: summons 1 hostile shadow creature
  3622 | D:5      | Noticed Menkaure
  3632 | D:5      | Killed Menkaure
  3808 | D:5      | Found an ornate altar of the Wu Jian Council.
  3970 | D:5      | Reached XP level 7. HP: 43/43 MP: 7/7
  3997 | D:5      | XOM: chaos upgrade
  3999 | D:5      | XOM: swap monsters
  4202 | D:6      | XOM: summons 4 hostile demons
  4203 | D:6      | Noticed a rust devil
  4203 | D:6      | Noticed an orange demon
  4209 | D:6      | XOM: potion effect (heal wounds)
  4213 | D:6      | HP: 2/44 [orange demon[Xom] (5)]
  4213 | D:6      | Killed from afar by an electric eel

Illustrated notes

Levels and vault maps discovered:
D:1:      minmay_arrival_semitransparent, layout_basic, basic_ecumenical_altar,
          minmay_misc_feat_columns, minmay_crystal_water, grunt_decor_clamped
D:2:      layout_basic, serial_glass, glass_columns_b, glass_columns_a
D:3:      layout_loops_ring, nicolae_ashenzari_skybound
D:4:      minmay_inner_zag, layout_loops_ring, minmay_temple_entry_waves,
          minmay_rat_hole
D:5:      layout_basic, marbit_many_paths, nzn_wu_jian_council_hall,
          nicolae_shop_overcharged_wands, uniq_menkaure, uniq_edmund
D:6:      layout_rooms, nicolae_uskayaw_en_pointe, serial_bayou_lake_a

Skill      XL: |  1  2  3  4  5  6  7 |
---------------+----------------------+-----
Armour         | 3 4 |  4.8
Polearms       | 1 2 3 4 |  4.9
Dodging        | 1 |  1.6
Fighting       | 4 |  4.4
Long Blades    | |  0.5
Axes           | |  0.3
Maces & Flails | |  3.9
Stealth        | |  0.4
Evocations     | |  0.1

Action                     |  1- 3 |  4- 6 |  7- 9 || total
---------------------------+-------+-------+-------++-------
  Melee: Mace              |    64 |       |       ||    64
         Staff             |    23 |       |       ||    23
         Punch             |     1 |       |       ||     1
         Spear             |    13 |   164 |     3 ||   180
         War axe           |       |       |    17 ||    17
         Great sword       |       |       |     5 ||     5
  Evoke: Piece from Xom's  |     1 |       |       ||     1
    Use: Scroll            |     3 |     5 |       ||     8
         Potion            |     3 |     6 |     1 ||    10
   Stab: Petrifying        |     1 |       |       ||     1
 Armour: Chain mail        |    95 |   109 |    47 ||   251
  Dodge: Dodged            |    43 |    70 |    35 ||   148

Table legend: (Time is in decaauts)
 A = Elapsed time spent in this place.
 B = Non-inter-level travel time spent in this place.
 C = Inter-level travel time spent in this place.
 D = Time resting spent in this place.
 E = Time spent auto-exploring this place.
 F = Levels seen in this place.
 G = Mean time per level.
                   A        B        C        D        E       F      G
               +--------+--------+--------+--------+--------+-----+--------+
         Total |   4250 |   4014 |    236 |    862 |      0 |   6 |  708.3 |
       Dungeon |   4250 |   4014 |    236 |    862 |      0 |   6 |  708.3 |
               +--------+--------+--------+--------+--------+-----+--------+

Top non-repeatable levels by time:
     D:4: 1071 daAuts
     D:2: 1055 daAuts
     D:3: 880 daAuts
     D:5: 690 daAuts
     D:1: 494 daAuts
     D:6: 57 daAuts
